TTWB
NEWCASTLE HOUSE OF BREWS @ YPSI YARD CATS
06/10/2069
 
TOP OF THE 1ST
Newcastle House of Brews batting - Pitching for Ypsi Yard Cats : RHP Sean Bigelow
Pitching: RHP Sean Bigelow
Batting: SHB Artie Miller 0-0: Foul Ball, location: 25FF
0-1: Swinging Strike
0-2: Ball
1-2: Ball
2-2: Ball
3-2: Foul Ball, location: 9LSFF
3-2: Foul Ball, location: 3FF
3-2: Foul Ball, location: 3FF
3-2: Ground out 6-3 (Groundball, 6, EV 88.8 MPH)
Batting: RHB J.J. Jackson 0-0: Ball
1-0: Ball
2-0: Fly out, F8 (Line Drive, 89M, EV 90.6 MPH)
Batting: LHB Lenny Dykstra 0-0: Ball
1-0: Ground out 5-3 (Groundball, 6, EV 88.8 MPH)
Top of the 1st over - 0 runs, 0 hits, 0 errors, 0 left on base; Newcastle 0 - Ypsi 0
BOTTOM OF THE 1ST
Ypsi Yard Cats batting - Pitching for Newcastle House of Brews : RHP John Heesemans
Pitching: RHP John Heesemans
Batting: SHB Malaki Lahahana 0-0: Ball
1-0: Fly out, F6 (Popup, 6D, EV 67.5 MPH)
Batting: LHB Dennis Smith 0-0: Ball
1-0: Fly out, F9 (Line Drive, 9S, EV 93.1 MPH)
Batting: RHB Austin Weston 0-0: Ball
1-0: Ball
2-0: SINGLE (Line Drive, 56, EV 99.4 MPH)
Batting: LHB Brandon Murphy 0-0: Swinging Strike
0-1: Called Strike
0-2: Ball
1-2: Ground out 4-3 (Groundball, 4, EV 76.3 MPH)
Bottom of the 1st over - 0 runs, 1 hit, 0 errors, 1 left on base; Newcastle 0 - Ypsi 0
TOP OF THE 2ND
Newcastle House of Brews batting - Pitching for Ypsi Yard Cats : RHP Sean Bigelow
Batting: RHB Gabriel Urbina 0-0: Called Strike
0-1: Foul Ball, location: 25F
0-2: Ball
1-2: Ball
2-2: Strikes out looking
Batting: RHB Bradley Withers 0-0: Foul Ball, location: 23F
0-1: Called Strike
0-2: Ball
1-2: Strikes out looking
Batting: LHB Eric Johnson 0-0: Ball
1-0: Foul Ball, location: 2RF
1-1: Ball
2-1: Ground out 4-3 (Groundball, 34D, EV 98.8 MPH)
Top of the 2nd over - 0 runs, 0 hits, 0 errors, 0 left on base; Newcastle 0 - Ypsi 0
BOTTOM OF THE 2ND
Ypsi Yard Cats batting - Pitching for Newcastle House of Brews : RHP John Heesemans
Batting: RHB Joel Milman 0-0: Called Strike
0-1: Foul Ball, location: 2F
0-2: Foul Ball, location: 2F
0-2: Foul Ball, location: 2F
0-2: Ball
1-2: Fly out, F7 (Flyball, 7D, EV 106.9 MPH)
Batting: LHB Michael Cameron 0-0: Ball
1-0: Swinging Strike
1-1: Ball
2-1: Called Strike
2-2: Ball
3-2: Base on Balls
Batting: LHB Júlio Cruz 0-0: Called Strike
0-1: Swinging Strike
0-2: Foul Ball, location: 7LSF
0-2: Ball
1-2: Fly out, F9 (Line Drive, 9S, EV 88.1 MPH)
Batting: RHB Tom Brookens 0-0: Ball
1-0: Ball
2-0: Foul Ball, location: 23F
2-1: Foul Ball, location: 7LDF
2-2: Ball
3-2: Fly out, F4 (Popup, 4M, EV 60.6 MPH)
Bottom of the 2nd over - 0 runs, 0 hits, 0 errors, 1 left on base; Newcastle 0 - Ypsi 0
TOP OF THE 3RD
Newcastle House of Brews batting - Pitching for Ypsi Yard Cats : RHP Sean Bigelow
Batting: RHB Sherman Spivey 0-0: Called Strike
0-1: Ground out 1-3 (Groundball, 34S, EV 66.9 MPH)
Batting: RHB Jorge Hernández 0-0: Ball
1-0: Foul Ball, location: 2LF
1-1: Ball
2-1: Fly out, F7 (Line Drive, 7, EV 91.3 MPH)
Batting: RHB Bryan Ashlock 0-0: Ball
1-0: Ball
2-0: Fly out, F7 (Line Drive, 7S, EV 90.6 MPH)
Top of the 3rd over - 0 runs, 0 hits, 0 errors, 0 left on base; Newcastle 0 - Ypsi 0
BOTTOM OF THE 3RD
Ypsi Yard Cats batting - Pitching for Newcastle House of Brews : RHP John Heesemans
Batting: RHB Xiao-gang Jong 0-0: Fly out, F9 (Flyball, 9S, EV 90.0 MPH)
Batting: SHB Malaki Lahahana 0-0: Called Strike
0-1: Called Strike
0-2: Ball
1-2: Ball
2-2: Ball
3-2: SINGLE (Line Drive, 3D, EV 98.8 MPH)
Batting: LHB Dennis Smith 0-0: Ball
1-0: Ball
2-0: Foul Ball, location: 2F
2-1: Ball
3-1: Swinging Strike
Pickoff Play to 1st, Runner tries for 2nd, OUT after rundown.
3-2: Foul Ball, location: 9LMF
3-2: Strikes out swinging
Bottom of the 3rd over - 0 runs, 1 hit, 0 errors, 0 left on base; Newcastle 0 - Ypsi 0
TOP OF THE 4TH
Newcastle House of Brews batting - Pitching for Ypsi Yard Cats : RHP Sean Bigelow
Batting: SHB Artie Miller 0-0: Called Strike
0-1: Swinging Strike
0-2: Ball
1-2: Strikes out looking
Batting: RHB J.J. Jackson 0-0: Called Strike
0-1: Ball
1-1: Ground out 6-3 (Groundball, 6, EV 102.5 MPH)
Batting: LHB Lenny Dykstra 0-0: Ball
1-0: Foul Ball, location: 7LDF
1-1: Fly out, F9 (Flyball, 9, EV 83.1 MPH)
Top of the 4th over - 0 runs, 0 hits, 0 errors, 0 left on base; Newcastle 0 - Ypsi 0
BOTTOM OF THE 4TH
Ypsi Yard Cats batting - Pitching for Newcastle House of Brews : RHP John Heesemans
Batting: RHB Austin Weston 0-0: Called Strike
0-1: Fly out, F8 (Flyball, 8RXD, EV 105.6 MPH)
Batting: LHB Brandon Murphy 0-0: Ground out 4-3 (Groundball, 34, EV 95.6 MPH)
Batting: RHB Joel Milman 0-0: Called Strike
0-1: Foul Ball, location: 2F
0-2: Foul Ball, location: 3FF
0-2: Ball
1-2: Ball
2-2: Foul Ball, location: 2F
2-2: Foul Ball, location: 2F
2-2: Ball
3-2: Foul Ball, location: 2F
3-2: Strikes out swinging
Bottom of the 4th over - 0 runs, 0 hits, 0 errors, 0 left on base; Newcastle 0 - Ypsi 0
TOP OF THE 5TH
Newcastle House of Brews batting - Pitching for Ypsi Yard Cats : RHP Sean Bigelow
Batting: RHB Gabriel Urbina 0-0: Ball
1-0: Ball
2-0: Called Strike
2-1: Foul Ball, location: 2RF
2-2: Foul Ball, location: 25FF
2-2: Ball
3-2: Foul Ball, location: 2F
3-2: Foul Ball, location: 5DF
3-2: Fly out, F8 (Flyball, 8LM, EV 86.3 MPH)
Batting: RHB Bradley Withers 0-0: Called Strike
0-1: Foul Ball, location: 3F
0-2: Ball
1-2: Strikes out looking
Batting: LHB Eric Johnson 0-0: Ball
1-0: Ground out 4-3 (Groundball, 34, EV 104.4 MPH)
Top of the 5th over - 0 runs, 0 hits, 0 errors, 0 left on base; Newcastle 0 - Ypsi 0
BOTTOM OF THE 5TH
Ypsi Yard Cats batting - Pitching for Newcastle House of Brews : RHP John Heesemans
Batting: LHB Michael Cameron 0-0: Swinging Strike
0-1: DOUBLE (Line Drive, 9LS, EV 106.9 MPH)
Batting: LHB Júlio Cruz 0-0: Ball
1-0: Called Strike
1-1: Foul Ball, location: 5SF
1-2: Foul Ball, location: 2F
1-2: Ball
2-2: Foul Ball, location: 3SF
2-2: Foul Ball, location: 5F
2-2: Ball
3-2: Foul Ball, location: 7LSF
3-2: Base on Balls
Batting: RHB Tom Brookens 0-0: Called Strike
0-1: Foul Ball, location: 25F
0-2: Strikes out swinging
Batting: RHB Xiao-gang Jong 0-0: Ball
1-0: Foul Ball, location: 9LSF
1-1: Ball
Wild Pitch!
Michael Cameron to third
Júlio Cruz to second
2-1: Ball
3-1: Fly out, F8 (Flyball, 89D, EV 110.0 MPH)
Runner from 3rd tags up, SCORES, no throw by CF
Pitching: RHP Jim Love
Batting: SHB Malaki Lahahana 0-0: Called Strike
0-1: Ball
1-1: Called Strike
1-2: Strikes out looking
Bottom of the 5th over - 1 run, 1 hit, 0 errors, 1 left on base; Newcastle 0 - Ypsi 1
TOP OF THE 6TH
Newcastle House of Brews batting - Pitching for Ypsi Yard Cats : RHP Sean Bigelow
Batting: RHB Sherman Spivey 0-0: Ground out 4-3 (Groundball, 34D, EV 106.3 MPH)
Batting: RHB Jorge Hernández 0-0: Ball
1-0: Ball
2-0: Called Strike
2-1: Called Strike
2-2: Ball
3-2: Foul Ball, location: 2F
3-2: Foul Ball, location: 9LMF
3-2: Foul Ball, location: 3SF
3-2: Strikes out swinging
Batting: RHB Bryan Ashlock 0-0: Ball
1-0: Ground out 6-3 (Groundball, P, EV 83.8 MPH)
Top of the 6th over - 0 runs, 0 hits, 0 errors, 0 left on base; Newcastle 0 - Ypsi 1
BOTTOM OF THE 6TH
Ypsi Yard Cats batting - Pitching for Newcastle House of Brews : RHP Jim Love
Batting: LHB Dennis Smith 0-0: Ground out 4-3 (Groundball, 4, EV 106.9 MPH)
Batting: RHB Austin Weston 0-0: Called Strike
0-1: Foul Ball, location: 9LDF
0-2: Ball
1-2: Fly out, F9 (Flyball, 9S, EV 92.5 MPH)
Batting: LHB Brandon Murphy 0-0: Foul Ball, location: 7LSF
0-1: Ball
1-1: Ball
2-1: Foul Ball, location: 2LF
2-2: SINGLE (Groundball, 3D, EV 98.1 MPH)
Batting: RHB Joel Milman 0-0: Ball
1-0: Ball
2-0: Foul Ball, location: 2F
2-1: Ground out 2-3 (Groundball, 2L, EV 75.0 MPH)
Bottom of the 6th over - 0 runs, 1 hit, 0 errors, 1 left on base; Newcastle 0 - Ypsi 1
TOP OF THE 7TH
Newcastle House of Brews batting - Pitching for Ypsi Yard Cats : RHP Sean Bigelow
Batting: SHB Artie Miller 0-0: Called Strike
0-1: Ball
1-1: Foul Ball, location: 3F
1-2: Foul Ball, location: 7LDF
1-2: SINGLE (Groundball, 56S, EV 66.9 MPH) (infield hit)
Batting: RHB J.J. Jackson 0-0: Bunt - Flyout to 3S! F3
Batting: LHB Lenny Dykstra 0-0: Ball
Artie Miller steals 2nd, throwing error, E2
Artie Miller to third
1-0: Swinging Strike
1-1: Foul Ball, location: 25F
1-2: Strikes out looking
Batting: LHB Hideki Matsui 0-0: Swinging Strike
0-1: Ball
1-1: Called Strike
1-2: Strikes out swinging
Top of the 7th over - 0 runs, 1 hit, 1 error, 1 left on base; Newcastle 0 - Ypsi 1
BOTTOM OF THE 7TH
Ypsi Yard Cats batting - Pitching for Newcastle House of Brews : RHP Jim Love
Pitching: LHP Gordon Steward
Batting: LHB Michael Cameron 0-0: Called Strike
0-1: Swinging Strike
0-2: Ball
1-2: Ball
2-2: Strikes out swinging
Batting: LHB Júlio Cruz 0-0: Ball
1-0: Foul Ball, location: 7LSF
1-1: Swinging Strike
1-2: Strikes out swinging
Batting: RHB Tom Brookens 0-0: Ball
1-0: Ball
2-0: Ground out 5-3 (Groundball, 25, EV 86.3 MPH)
Bottom of the 7th over - 0 runs, 0 hits, 0 errors, 0 left on base; Newcastle 0 - Ypsi 1
TOP OF THE 8TH
Newcastle House of Brews batting - Pitching for Ypsi Yard Cats : RHP Sean Bigelow
Now at 3B: Michael Cameron
Now at SS: Han-seung Na
Batting: RHB Bradley Withers 0-0: Foul Ball, location: 7LMFF
0-1: Ball
1-1: Ball
2-1: Swinging Strike
2-2: Strikes out swinging
Batting: LHB Eric Johnson 0-0: Called Strike
0-1: Ball
1-1: Ball
2-1: Ball
3-1: Base on Balls
Pitching: RHP Billy Wagner
Batting: RHB Sherman Spivey 0-0: Called Strike
0-1: Called Strike
0-2: Strikes out swinging
Batting: RHB Jorge Hernández 0-0: Foul Ball, location: 9LSF
0-1: 2-RUN HOME RUN (Flyball, 9D, EV 94.4 MPH), Distance : 369 ft
Batting: RHB Bryan Ashlock 0-0: Ball
1-0: Fly out, F9 (Line Drive, 9, EV 100.6 MPH)
Top of the 8th over - 2 runs, 1 hit, 0 errors, 0 left on base; Newcastle 2 - Ypsi 1
BOTTOM OF THE 8TH
Ypsi Yard Cats batting - Pitching for Newcastle House of Brews : LHP Gordon Steward
Batting: RHB Xiao-gang Jong 0-0: Called Strike
0-1: Ball
1-1: Called Strike
1-2: Strikes out swinging
Batting: SHB Malaki Lahahana 0-0: Ball
1-0: Foul Ball, location: 7LMF
1-1: SINGLE (Line Drive, 78S, EV 86.9 MPH)
Pitching: RHP Jimmy Snuka
Batting: LHB Dennis Smith 0-0: Called Strike
Malaki Lahahana steals 2nd base
0-1: Swinging Strike
0-2: Ball
1-2: Ball
2-2: Foul Ball, location: 2F
2-2: Ball
3-2: Base on Balls
Pinch Hitting: LHB Teika Kiyomizu 0-0: Fly out, F8 (Line Drive, 8LS, EV 97.5 MPH)
Batting: LHB Brandon Murphy 0-0: Ball
Wild Pitch!
Malaki Lahahana to third
Dennis Smith to second
1-0: Ball
2-0: Swinging Strike
2-1: Fly out, F9 (Flyball, 89S, EV 98.1 MPH)
Bottom of the 8th over - 0 runs, 1 hit, 0 errors, 2 left on base; Newcastle 2 - Ypsi 1
TOP OF THE 9TH
Newcastle House of Brews batting - Pitching for Ypsi Yard Cats : RHP Billy Wagner
Now at 1B: Teika Kiyomizu
Batting: SHB Artie Miller 0-0: Ball
1-0: Ball
2-0: Called Strike
2-1: Ball
3-1: Fly out, F8 (Line Drive, 8LD, EV 90.6 MPH)
Batting: RHB J.J. Jackson 0-0: Fly out, F8 (Line Drive, 8RS, EV 90.6 MPH)
Batting: LHB Lenny Dykstra 0-0: Ball
1-0: Swinging Strike
1-1: Swinging Strike
1-2: Ground out 4-3 (Groundball, 4, EV 88.1 MPH)
Top of the 9th over - 0 runs, 0 hits, 0 errors, 0 left on base; Newcastle 2 - Ypsi 1
BOTTOM OF THE 9TH
Ypsi Yard Cats batting - Pitching for Newcastle House of Brews : RHP Jimmy Snuka
Batting: RHB Joel Milman 0-0: Ball
1-0: Ball
2-0: Ball
3-0: Base on Balls
Batting: LHB Michael Cameron 0-0: Called Strike
0-1: Ball
1-1: Foul Ball, location: 9LSFF
1-2: DOUBLE (Flyball, 78D, EV 107.5 MPH)
Joel Milman to third
Runner from 3rd tries for Home, SAFE, throw by CF to trailing runner, SAFE at third!
Batting: LHB Júlio Cruz 0-0: Intentional Walk
Batting: SHB Han-seung Na 0-0: Ground out 4-3 (Groundball, 4, EV 82.5 MPH)
Júlio Cruz to second
Batting: RHB Xiao-gang Jong 0-0: Ball
1-0: Foul Ball, location: 7LMFF
1-1: Called Strike
1-2: Fly out, F7 (Line Drive, 78M, EV 89.4 MPH)
Runner from 3rd tags up, SCORES, throw by LF
Bottom of the 9th over - 2 runs, 1 hit, 0 errors, 1 left on base; Newcastle 2 - Ypsi 3
Saturday, March 29th , 2025 - OOTP Baseball 25.11 Build 103